 Dungeon Crawl Stone Soup version 0.31-a0-986-g5e6e4ef867 (webtiles) character file.

Game seed: 4566100759918711199

32366 lessens the Nimble (level 13, 0/157 HPs)
             Began as a Gnoll Monk on Nov 13, 2023.
             Was an Elder of Trog.
             Slain by a minotaur
             ... wielding the +9 spear of Gutanu {vamp, rF++ rC+}
              (24 damage)
             ... in a Gauntlet.
             The game lasted 00:33:16 (17196 turns).

lessens the Nimble (Gnoll Monk)                    Turns: 17196, Time: 00:33:17

Health: 0/157      AC: 20    Str: 22    XL:     13   Next: 64%
Magic:  16/16      EV: 16    Int: 10    God:    Trog [****..]
Gold:   903        SH:  0    Dex: 20    Spells: 29/29 levels left

rFire   + + .        G - +7 lajatang of Order {silver, rMut}
rCold   + + .        (shield currently unavailable)
rNeg    . . .        e - +4 fire dragon scales
rPois   .            R - +0 helmet
rElec   +            y - +0 cloak
rCorr   .            L - +0 pair of gloves
SInv    .            x - +0 pair of boots
Will    ++...        q - amulet of the acrobat Stlth
                     B - +6 ring of strength
HPRegen 0.46/turn    M - ring "Jeak" {rElec rC+++ Will++ MP-9 Dex+6}
MPRegen 0.15/turn

%: no teleportation, acrobat, resist mutation
@: berserking (expiring), studying Maces & Flails, very quick
A: fangs 1, strong nose, distributed training
a: Renounce Religion, Berserk, Trog's Hand, Brothers in Arms


You were in a Gauntlet.
You worshipped Trog.
Trog was greatly pleased with you.
You visited 3 branches of the dungeon, and saw 14 of its levels.
You also visited: Sewer, Gauntlet and Ice Cave.

You collected 1089 gold pieces.
You spent 186 gold pieces at shops.

Inventory:

Hand Weapons
 a - a +2 dagger of venom
 G - the +7 lajatang of Order (weapon) {silver, rMut}
   (Trog gifted it to you in an ice cave)

   rMut:      It protects you from mutation.
Missiles
 i - 33 poisoned darts
 l - 95 stones
 n - 4 darts of dispersal
 s - 4 atropa-tipped darts
 z - 3 boomerangs
 I - a curare-tipped dart (quivered)
Armour
 b - a +2 scale mail of poison resistance
 e - +4 fire dragon scales (worn)
 x - a +0 pair of boots (worn)
 y - a +0 cloak (worn)
 L - a +0 pair of gloves (worn)
 R - a +0 helmet (worn)
Jewellery
 q - an amulet of the acrobat (around neck)
 B - a +6 ring of strength (left hand)
 C - a +6 ring of dexterity
 D - the ring "Opeumowuto" {rF- rCorr Dex+4 SInv}
   (You found it in a Gauntlet)

   [ring of resist corrosion]

   Dex+4:     It affects your dexterity (+4).
   rF-:       It makes you vulnerable to fire.
   SInv:      It lets you see invisible.
   rCorr:     It protects you from acid and corrosion.
 J - a ring of flight
 M - the ring "Jeak" (right hand) {rElec rC+++ Will++ MP-9 Dex+6}
   (You found it in a Gauntlet)

   [ring of dexterity]

   Dex+6:     It affects your dexterity (+6).
   rC+++:     It renders you almost immune to cold.
   rElec:     It insulates you from electricity.
   Will++:    It greatly increases your willpower.
   MP-9:      It affects your magic capacity (-9).
 P - an amulet of magic regeneration
 T - a ring of protection from fire
Wands
 F - a wand of quicksilver (16)
 S - a wand of iceblast (4)
 Z - a wand of flame (20)
Scrolls
 d - a scroll of torment {unknown}
 g - 4 scrolls of enchant weapon
 h - 2 scrolls of fear
 j - a scroll of poison {unknown}
 m - 4 scrolls of vulnerability
 p - 3 scrolls of revelation
 r - a scroll of butterflies
 v - a scroll of silence
 A - 3 scrolls of fog
 K - a scroll of blinking
 Y - 3 scrolls of teleportation
Potions
 c - 2 potions of ambrosia
 f - a potion of invisibility
 k - 3 potions of resistance
 o - 9 potions of heal wounds
 t - 2 potions of cancellation
 u - 3 potions of enlightenment
 w - 3 potions of curing
 E - 5 potions of might
 H - 2 potions of haste
 N - a potion of brilliance {unknown}
 Q - a potion of experience {unknown}
 V - a potion of attraction
 W - 2 potions of mutation
 X - a potion of lignification {unknown}
Miscellaneous
 O - a lightning rod (4/4)


   Skills:
 + Level 10.8 Fighting
 + Level 8.6 Short Blades
 + Level 8.6 Long Blades
 + Level 10.8 Axes
 + Level 9.8 Maces & Flails
 + Level 8.6 Polearms
 + Level 8.6 Staves
 + Level 8.6 Ranged Weapons
 + Level 8.6 Throwing
 + Level 8.6 Armour
 + Level 10.8 Dodging
 + Level 8.6 Stealth
 + Level 8.6 Shields
 + Level 8.6 Unarmed Combat
 + Level 8.6 Spellcasting
 + Level 7.2 Conjurations
 + Level 7.2 Hexes
 + Level 7.2 Summonings
 + Level 7.2 Necromancy
 + Level 7.2 Translocations
 + Level 7.2 Transmutations
 + Level 7.2 Fire Magic
 + Level 7.2 Ice Magic
 + Level 7.2 Air Magic
 + Level 7.2 Earth Magic
 + Level 7.2 Poison Magic
 + Level 9.4 Invocations
 + Level 8.6 Evocations
 + Level 7.9 Shapeshifting


You had 29 spell levels left.
You didn't know any spells.
Your spell library contained the following spells:

 Spells                   Type           Power      Damage    Failure   Level
 Necrotise                Necr           72%        1d7       2%          1
 Sublimation of Blood     Necr           18%        N/A       3%          2
 Vampiric Draining        Necr           18%        2d7       7%          3
 Anguish                  Hex/Necr       9%         N/A       22%         4
 Cause Fear               Hex            9%         N/A       22%         4
 Petrify                  Tmut/Erth      18%        N/A       22%         4
 Agony                    Necr           18%        N/A       52%         5
 Irradiate                Conj/Tmut      9%         3d14      52%         5
 Enfeeble                 Hex            9%         N/A       100%        7


Dungeon Overview and Level Annotations

Branches:
Dungeon (12/15) Zot: 25589  Temple (1/1) D:4 Zot: 5861    Lair (1/5) D:9 Zot: 5822
    Orc (0/2) D:12          Sewer (visited)           IceCv (visited)
Gauntlet (1/1) Zot: 5273

Altars:
Ashenzari
Cheibriados
Dithmenos
Elyvilon
Fedhas
Gozag
Hepliaklqana
Kikubaaqudgha
Makhleb
Nemelex Xobeh
Okawaru
Qazlal
Ru
Sif Muna
Trog
Uskayaw
Vehumet
Wu Jian
Xom
Yredelemnul
Zin
The Shining One

Shops:
D:3 *   D:7 !

Annotations:
D:9 2 transporters, exclusion: ice statue, hgbash's ghost, journeyman TrFi
D:10 1 runed translucent door, Thrassey's ghost, journeyman DsAE Gauntlet 10 transporters, exclusion: ice statue


Innate Abilities, Weirdness & Mutations

You have very sharp teeth.
Your uncanny sense of smell can sniff out nearby items.
Your experience applies equally to all skills.


Message History

The minotaur headbutts you, but does no damage.
The minotaur barely misses you. The minotaur gores you.
You slash the minotaur!
The minotaur is lightly wounded.
You hit the minotaur but do no damage.
The minotaur is lightly wounded.
The minotaur hits you with the +9 spear of Gutanu {vamp, rF++ rC+}!!
The minotaur draws strength from your wounds!
The minotaur gores you!
You slash the minotaur!
The minotaur is moderately wounded.
You slice the minotaur!!
You bite the minotaur, but do no damage.
The minotaur is severely wounded.
The minotaur hits you with the +9 spear of Gutanu {vamp, rF++ rC+}.
The minotaur gores you but does no damage.
You slice the minotaur!!
The minotaur is almost dead.
The minotaur hits you with the +9 spear of Gutanu {vamp, rF++ rC+}!!
The minotaur draws strength from your wounds!
The minotaur barely misses you.
You barely miss the minotaur.
The minotaur furiously retaliates!
The minotaur headbutts you, but does no damage.
The minotaur is severely wounded.
You hit the minotaur.
The minotaur is severely wounded.
The minotaur hits you with the +9 spear of Gutanu {vamp, rF++ rC+}!!
* * * LOW HITPOINT WARNING * * *
The minotaur gores you.
* * * LOW HITPOINT WARNING * * *
You barely miss the minotaur.
The minotaur is severely wounded.
The minotaur hits you but does no damage.
The minotaur barely misses you.
You slash the minotaur!
The minotaur is almost dead.
You barely miss the minotaur.
The minotaur is almost dead.
The minotaur hits you with the +9 spear of Gutanu {vamp, rF++ rC+}!!
You die...

#..#..#.#. #..#.#.#.#
##########...#..#..#.©.
####........#.8.####.#.#.#
#....######.#.....©#..#.#.
#.####......#.8.####.#.#.#
#.#....##.###...#..#..!.©(
#.#. #.#.#.8.#..#######
#.# #@#.#...#≈........ #.#
#.∩..H#...8.#∩........ #.#
#8.8#.#.#...#≈........ #.#
#####.#.#.8.#..####### #.#
###.#...#..#^....# #.####
#.#.8.####.^###.
#....######.#.....©#.##.##
####........#.8.####.#.#.#
##########...#..#.^.#©^


You could see a minotaur.

Vanquished Creatures
  Kirke (D:12)
  A quicksilver ooze (Gauntlet)
  Fannar (Lair:1)
  2 ironbound frosthearts (IceCv)
  A two-headed ogre (D:11)
  6 death yaks (IceCv)
  A wretched star (Gauntlet)
  Pikel (D:5)
  A deep elf pyromancer (D:12)
  A cyclops (D:12)
  2 ugly things
  A manticore (D:12)
  A black mamba (Lair:1)
  An ice statue (IceCv)
  3 rime drakes
  Jeremiah (D:6)
  A kobold demonologist (D:11)
  An unseen horror (D:11)
  3 komodo dragons
  A queen bee (Gauntlet)
  10 polar bears (IceCv)
  Grinder (D:6)
  A hornet (D:9)
  Prince Ribbit (D:8)
  2 shadows
  6 slime creatures (D:12)
  4 hogs (D:12)
  2 wyverns (D:9)
  Eustachio (D:4)
  3 wraiths
  35 yaks
  A basilisk (D:12)
  A neqoxec (Gauntlet)
  2 humans (D:9)
  A steam dragon (D:7)
  2 wargs (D:9)
  Edmund (D:4)
  3 water moccasins
  Duvessa (D:6)
  3 orc warriors
  3 black bears
  2 sky beasts (D:8)
  19 wolves (IceCv)
  4 centaurs
  Blork the orc (D:5)
  5 kobold brigands
  A bullfrog (D:9)
  A gnoll sergeant (D:12)
  6 scorpions
  Dowan (D:6)
  3 wights (D:9)
  19 killer bees
  A small abomination (Gauntlet)
  4 howler monkeys
  4 jellies
  9 orc priests
  A gnoll bouda (D:10)
  3 hounds
  2 iguanas
  A hell rat (Sewer)
  Natasha (twice) (D:2)
  5 orc wizards
  7 gnolls
  13 adders
  2 shadow imps
  3 white imps
  2 worms
  4 dart slugs
  21 orcs
  5 ball pythons
  13 endoplasms
  2 giant cockroaches
  4 hobgoblins
  4 jackals
  27 kobolds
  A quokka (D:1)
  5 bats
  2 frilled lizards (D:3)
  5 goblins
  10 rats
339 creatures vanquished.

Vanquished Creatures (collateral kills)
  A hog (D:12)
  A human (D:12)
  A yak (D:7)
  A black bear (D:6)
  A wolf (IceCv)
  A centaur (D:10)
  A bullfrog (D:8)
  A scorpion (D:6)
  2 wights (D:9)
  An iguana (D:6)
  A gnoll (D:10)
  3 orcs
  4 kobolds
19 creatures vanquished.

Vanquished Creatures (others)
  A fire dragon (D:12)
  A polar bear (IceCv)
  A hog (D:12)
  A bullfrog (D:6)
  An orc wizard (D:7)
  4 kobolds (D:8)
9 creatures vanquished.

Grand Total: 367 creatures vanquished

Notes
Turn   | Place    | Note
-------+----------+-------------------------------------------
     0 | D:1      | lessens the Gnoll Monk began the quest for the Orb.
     0 | D:1      | Reached XP level 1. HP: 23/23 MP: 1/1
   165 | D:1      | You fall into a shaft and drop 1 floor!
   224 | D:2      | Reached XP level 2. HP: 25/29 MP: 2/2
   378 | D:2      | Found a white marble altar of Elyvilon.
   378 | D:2      | Found a basalt altar of Yredelemnul.
   378 | D:2      | Found a hide-covered altar of Uskayaw.
   378 | D:2      | Found a stormy altar of Qazlal.
   378 | D:2      | Found a white marble altar of Elyvilon.
   378 | D:2      | Found a basalt altar of Yredelemnul.
   506 | D:2      | Reached XP level 3. HP: 35/35 MP: 3/3
   602 | D:1      | Reached skill level 1 in Invocations
  1219 | D:2      | Reached skill level 1 in Short Blades
  1219 | D:2      | Reached skill level 1 in Long Blades
  1219 | D:2      | Reached skill level 1 in Maces & Flails
  1219 | D:2      | Reached skill level 1 in Polearms
  1219 | D:2      | Reached skill level 1 in Staves
  1219 | D:2      | Reached skill level 1 in Ranged Weapons
  1219 | D:2      | Reached skill level 1 in Throwing
  1219 | D:2      | Reached skill level 1 in Armour
  1219 | D:2      | Reached skill level 1 in Stealth
  1219 | D:2      | Reached skill level 1 in Shields
  1219 | D:2      | Reached skill level 1 in Unarmed Combat
  1219 | D:2      | Reached skill level 1 in Spellcasting
  1219 | D:2      | Reached skill level 1 in Evocations
  1250 | D:2      | Reached XP level 4. HP: 41/41 MP: 5/5
  1384 | D:2      | Reached skill level 1 in Shapeshifting
  1503 | D:2      | Noticed Natasha
  1511 | D:2      | Killed Natasha
  1512 | D:2      | Reached skill level 1 in Conjurations
  1512 | D:2      | Reached skill level 1 in Hexes
  1512 | D:2      | Reached skill level 1 in Summonings
  1512 | D:2      | Reached skill level 1 in Necromancy
  1512 | D:2      | Reached skill level 1 in Translocations
  1512 | D:2      | Reached skill level 1 in Transmutations
  1512 | D:2      | Reached skill level 1 in Fire Magic
  1512 | D:2      | Reached skill level 1 in Ice Magic
  1512 | D:2      | Reached skill level 1 in Air Magic
  1512 | D:2      | Reached skill level 1 in Earth Magic
  1512 | D:2      | Reached skill level 1 in Poison Magic
  1571 | D:2      | Noticed Natasha
  1574 | D:2      | Killed Natasha
  1833 | D:3      | Reached XP level 5. HP: 47/47 MP: 5/7
  2167 | D:3      | Found a faded altar of an unknown god.
  2292 | D:3      | Found Qaetemn's General Store.
  2306 | D:3      | Bought a potion of curing for 30 gold pieces
  2306 | D:3      | Bought a scroll of fear for 40 gold pieces
  2306 | D:3      | Bought a scroll of identify for 20 gold pieces
  2776 | D:4      | Found a glowing drain.
  2785 | Sewer    | Entered a sewer
  2835 | Sewer    | Reached XP level 6. HP: 40/53 MP: 8/8
  2900 | D:4      | Noticed a black bear
  2920 | D:4      | Killed a black bear
  3413 | D:4      | Reached XP level 7. HP: 60/60 MP: 10/10
  3573 | D:4      | Noticed Edmund
  3597 | D:4      | Killed Edmund
  4164 | D:4      | Noticed Eustachio
  4179 | D:4      | Killed Eustachio
  4291 | D:4      | Found a staircase to the Ecumenical Temple.
  4297 | Temple   | Entered the Ecumenical Temple
  4366 | Temple   | Became a worshipper of Trog the Wrathful
  4366 | Temple   | Reached * piety under Trog
  4366 | Temple   | Reached ** piety under Trog
  4546 | D:2      | Reached XP level 8. HP: 18/67 MP: 12/12
  4784 | D:5      | Entered Level 5 of the Dungeon
  4785 | D:5      | Noticed Blork the orc
  4802 | D:5      | Killed Blork the orc
  5458 | D:5      | Noticed Pikel
  5507 | D:5      | Killed Pikel
  5508 | D:5      | Reached XP level 9. HP: 39/73 MP: 14/14
  5772 | D:6      | Noticed Jeremiah
  5868 | D:6      | Killed Jeremiah
  6017 | D:6      | Noticed Duvessa
  6147 | D:6      | Noticed Grinder
  6164 | D:6      | Killed Grinder
  6413 | D:6      | Noticed Dowan
  6427 | D:6      | Killed Duvessa
  6428 | D:6      | Reached skill level 5 in Invocations
  6429 | D:6      | Killed Dowan
  6737 | D:7      | Found a hide-covered altar of Uskayaw.
  6762 | D:7      | Identified the +2 leather armour "Mackait" {Will+++ Dex+5
                  | Slay+3}
  6901 | D:7      | Found Goluec's Distillery.
  6905 | D:7      | Bought a potion of degeneration for 12 gold pieces
  6905 | D:7      | Bought a potion of might for 48 gold pieces
  6905 | D:7      | Bought a potion of attraction for 36 gold pieces
  7145 | D:7      | Reached XP level 10. HP: 74/80 MP: 17/17
  7175 | D:7      | Reached skill level 5 in Short Blades
  7175 | D:7      | Reached skill level 5 in Long Blades
  7175 | D:7      | Reached skill level 5 in Maces & Flails
  7175 | D:7      | Reached skill level 5 in Polearms
  7175 | D:7      | Reached skill level 5 in Staves
  7175 | D:7      | Reached skill level 5 in Ranged Weapons
  7175 | D:7      | Reached skill level 5 in Throwing
  7175 | D:7      | Reached skill level 5 in Armour
  7175 | D:7      | Reached skill level 5 in Stealth
  7175 | D:7      | Reached skill level 5 in Shields
  7175 | D:7      | Reached skill level 5 in Unarmed Combat
  7175 | D:7      | Reached skill level 5 in Spellcasting
  7175 | D:7      | Reached skill level 5 in Evocations
  7462 | D:7      | Reached *** piety under Trog
  7665 | D:7      | Found a large runed translucent door.
  7665 | D:7      | Found a large runed translucent door.
  7886 | D:7      | Found a snail-covered altar of Cheibriados.
  7896 | D:7      | Found an opulent altar of Gozag.
  8231 | D:8      | Identified the +0 leather armour of Tulips {rC+}
  8333 | D:8      | Noticed Prince Ribbit
  8346 | D:8      | Killed Prince Ribbit
  8347 | D:8      | Reached skill level 5 in Shapeshifting
  9175 | D:9      | Reached **** piety under Trog
  9267 | D:9      | Found a sparkling altar of Nemelex Xobeh.
  9336 | D:9      | Found a transporter.
  9388 | D:9      | Noticed hgbash's ghost (journeyman TrFi)
  9392 | D:9      | Found a transporter.
  9527 | D:9      | Found an iron altar of Okawaru.
  9759 | D:9      | Found a staircase to the Lair.
  9946 | D:9      | Reached XP level 11. HP: 65/87 MP: 19/19
 10263 | D:9      | Reached skill level 5 in Conjurations
 10263 | D:9      | Reached skill level 5 in Hexes
 10263 | D:9      | Reached skill level 5 in Summonings
 10263 | D:9      | Reached skill level 5 in Necromancy
 10263 | D:9      | Reached skill level 5 in Translocations
 10263 | D:9      | Reached skill level 5 in Transmutations
 10263 | D:9      | Reached skill level 5 in Fire Magic
 10263 | D:9      | Reached skill level 5 in Ice Magic
 10263 | D:9      | Reached skill level 5 in Air Magic
 10263 | D:9      | Reached skill level 5 in Earth Magic
 10263 | D:9      | Reached skill level 5 in Poison Magic
 10539 | D:10     | Entered Level 10 of the Dungeon
 10702 | D:10     | Identified the +0 kite shield of Nemelex Xobeh's Whim
                  | {rN+++ Regen+ MP-9}
 11030 | D:10     | Found a sacrificial altar of Ru.
 11194 | D:10     | Identified the +3 hand axe "Rouh" {drain, rPois}
 11243 | D:10     | Reached ***** piety under Trog
 11704 | D:10     | Found a runed translucent door.
 11704 | D:10     | Noticed Thrassey's ghost (journeyman DsAE)
 11761 | D:11     | Noticed a brown ugly thing
 11790 | D:11     | Killed a brown ugly thing
 11998 | D:11     | Noticed a two-headed ogre
 12022 | D:11     | Killed a two-headed ogre
 13136 | D:12     | Noticed a manticore
 13167 | D:12     | Noticed a cyclops
 13170 | D:12     | Noticed Kirke
 13177 | D:12     | Noticed a fire dragon
 13199 | D:12     | Killed Kirke
 13199 | D:12     | Killed a fire dragon
 13200 | D:12     | Reached XP level 12. HP: 57/97 MP: 22/22
 13346 | D:12     | Found a frozen archway.
 13374 | IceCv    | Entered an ice cave
 13929 | IceCv    | Received a gift from Trog
 13929 | IceCv    | Found the +7 lajatang of Order {silver, rMut}
 14102 | IceCv    | Reached skill level 10 in Fighting
 14102 | IceCv    | Reached skill level 10 in Axes
 14102 | IceCv    | Reached skill level 10 in Dodging
 14528 | IceCv    | Noticed a death yak
 14541 | IceCv    | Killed a death yak
 14705 | IceCv    | Noticed a death yak
 14705 | IceCv    | Noticed a death yak
 14705 | IceCv    | Noticed a death yak
 14715 | IceCv    | Killed a death yak
 14720 | IceCv    | Killed a death yak
 14728 | IceCv    | Killed a death yak
 14878 | IceCv    | Noticed an ironbound frostheart
 14878 | IceCv    | Noticed an ironbound frostheart
 14878 | IceCv    | Noticed a death yak
 14878 | IceCv    | Noticed a death yak
 14901 | IceCv    | Killed a death yak
 14902 | IceCv    | Reached XP level 13. HP: 92/104 MP: 23/25
 15883 | D:12     | Found a staircase to the Orcish Mines.
 16324 | Lair:1   | Entered Level 1 of the Lair of Beasts
 16407 | Lair:1   | Noticed Fannar
 16416 | Lair:1   | Killed Fannar
 16489 | Lair:1   | Found a gate leading to a gauntlet.
 16500 | Gauntlet | Entered a Gauntlet
 16500 | Gauntlet | Found a transporter.
 16500 | Gauntlet | Found a transporter.
 16504 | Gauntlet | Found a transporter.
 16505 | Gauntlet | Found a transporter.
 16512 | Gauntlet | Found a transporter.
 16530 | Gauntlet | Found a transporter.
 16589 | Gauntlet | Found a transporter.
 16591 | Gauntlet | Noticed a balrug
 16603 | Gauntlet | Found a transporter.
 16617 | Gauntlet | Found a transporter.
 16630 | Gauntlet | Noticed a quicksilver ooze
 16720 | Gauntlet | Found a transporter.
 16720 | Gauntlet | Found a transporter.
 16727 | Gauntlet | Found a transporter.
 16730 | Gauntlet | Found a transporter.
 16733 | Gauntlet | Found a transporter.
 16735 | Gauntlet | Noticed an entropy weaver
 16736 | Gauntlet | Noticed a great orb of eyes
 16786 | Gauntlet | Found a transporter.
 16808 | Gauntlet | Found a transporter.
 16924 | Gauntlet | Identified the ring "Opeumowuto" {rF- rCorr Dex+4 SInv}
 16988 | Gauntlet | Identified the ring "Jeak" {rElec rC+++ Will++ MP-9 Dex+6}
 17084 | Gauntlet | Killed a quicksilver ooze
 17180 | Gauntlet | Identified the +9 spear of Gutanu {vamp, rF++ rC+}
 17180 | Gauntlet | Noticed a minotaur
 17196 | Gauntlet | Slain by a minotaur

Illustrated notes

Levels and vault maps discovered:
D:1:      scummos_arrival_simple_crosswalls, layout_loops_ring
D:2:      cheibrodos_fertilizer, layout_loops_ring, uniq_natasha
D:3:      layout_basic, nicolae_ecumenical_lake_church, serial_shops,
          nicolae_square_shop
D:4:      layout_basic, minmay_temple_entry_fiery, serial_aquarium,
          aquarium_bridge_straight [aquarium_subvault_bridge,
          aquarium_subvault_balcony, aquarium_subvault_bridge,
          aquarium_subvault_window], aquarium_window_double, aquarium_window_2,
          aquarium_window_corner, aquarium_window_corner, aquarium_view_2c,
          portal_sewer_entry_d, minmay_misc_feat_four_crosses, uniq_edmund,
          uniq_eustachio
D:5:      layout_rooms, uniq_blork_the_orc, uniq_pikel
D:6:      layout_rooms, uniq_jeremiah, uniq_duvessa, uniq_grinder
D:7:      layout_cave_pods, jmf_multi_god_temple2,
          mainiacjoe_overflow_concentric_impassable, serial_shops,
          nicolae_shop_tiny_real_fake_doors, amethyst_killhole
D:8:      layout_gridville, uniq_prince_ribbit1
D:9:      lemuel_ice_statue, layout_loops_corners,
          lemuel_coloured_pillars_altar, okawaru_humans,
          erik_lair_orcish_takeover, gammafunk_ghost_hive, nrook_pool_corridor
D:10:     layout_basic, nicolae_ru_sacrificial_ziggurat, gammafunk_ghost_grave
D:11:     layout_small_grid, fungi_pond_lemuel
D:12:     layout_roguey, orc_0_dummy, portal_ice_cave_rime, uniq_kirke
Temple:   minmay_temple_bridge_d
Lair:1:   cheibrodos_lair_river_kwai, layout_small_grid, gauntlet_entry_generic,
          uniq_fannar
Gauntlet: gammafunk_gauntlet_branching [gammafunk_gauntlet_arena_mazey,
          gammafunk_gauntlet_arena_crates, nicolae_gauntlet_arena_t_cross,
          gammafunk_gauntlet_arena_corners, nicolae_gauntlet_arena_grate_2,
          gammafunk_gauntlet_arena_split_x, gammafunk_gauntlet_arena_spirals,
          gammafunk_gauntlet_arena_grid, dreamdust_gauntlet_exit_labyrinth]

Skill      XL: |  1  2  3  4  5  6  7  8  9 10 11 12 13 |
---------------+----------------------------------------+-----
Invocations    | 1 2 3 4 5 6 7 8 9 |  9.4
Short Blades   | 1 2 3 4 5 7 8 |  8.6
Long Blades    | 1 2 3 4 5 7 8 |  8.6
Maces & Flails | 1 2 3 4 5 7 8 9 |  9.8
Polearms       | 1 2 3 4 5 7 8 |  8.6
Staves         | 1 2 3 4 5 7 8 |  8.6
Ranged Weapons | 1 2 3 4 5 7 8 |  8.6
Throwing       | 1 2 3 4 5 7 8 |  8.6
Armour         | 1 2 3 4 5 7 8 |  8.6
Stealth        | 1 2 3 4 5 7 8 |  8.6
Shields        | 1 2 3 4 5 7 8 |  8.6
Unarmed Combat | 1 2 3 4 5 7 8 |  8.6
Spellcasting   | 1 2 3 4 5 7 8 |  8.6
Evocations     | 1 2 3 4 5 7 8 |  8.6
Shapeshifting  | 1 2 3 4 5 6 7 |  7.9
Conjurations   | 1 2 3 4 5 6 7 |  7.2
Hexes          | 1 2 3 4 5 6 7 |  7.2
Summonings     | 1 2 3 4 5 6 7 |  7.2
Necromancy     | 1 2 3 4 5 6 7 |  7.2
Translocations | 1 2 3 4 5 6 7 |  7.2
Transmutations | 1 2 3 4 5 6 7 |  7.2
Fire Magic     | 1 2 3 4 5 6 7 |  7.2
Ice Magic      | 1 2 3 4 5 6 7 |  7.2
Air Magic      | 1 2 3 4 5 6 7 |  7.2
Earth Magic    | 1 2 3 4 5 6 7 |  7.2
Poison Magic   | 1 2 3 4 5 6 7 |  7.2
Fighting       | 7 8 9 10 | 10.8
Axes           | 7 8 9 10 | 10.8
Dodging        | 7 8 9 10 | 10.8

Action                     |  1- 3 |  4- 6 |  7- 9 | 10-12 | 13-15 || total
---------------------------+-------+-------+-------+-------+-------++-------
  Melee: Hand axe          |    92 |   140 |   180 |    29 |       ||   441
         Bite              |    13 |    14 |    52 |    82 |    21 ||   182
         War axe           |       |       |    35 |       |       ||    35
         Dagger            |       |       |    52 |   248 |       ||   300
         Trident           |       |       |       |   198 |       ||   198
         Lajatang          |       |       |       |   125 |   157 ||   282
  Throw: Dart              |       |     7 |    18 |    53 |    22 ||   100
         Stone             |       |       |       |       |     1 ||     1
 Invoke: Berserk           |       |       |     2 |     4 |     7 ||    13
         Trog's Hand       |       |       |     1 |       |       ||     1
  Evoke: Wand              |       |       |     6 |     7 |       ||    13
    Use: Scroll            |       |     2 |     4 |     9 |     9 ||    24
         Potion            |       |       |     1 |       |       ||     1
   Stab: Sleeping          |       |       |     1 |    14 |     5 ||    20
         Distracted        |       |       |       |     5 |       ||     5
 Armour: Robe              |    25 |       |       |       |       ||    25
         Ring mail         |     8 |    74 |   116 |       |       ||   198
         Chain mail        |     2 |       |       |       |       ||     2
         Leather armour    |       |       |    17 |   186 |       ||   203
         Scale mail        |       |       |       |   111 |    66 ||   177
         Fire dragon scale |       |       |       |       |    22 ||    22
  Dodge: Dodged            |    58 |    86 |   163 |   475 |   113 ||   895

Table legend: (Time is in decaauts)
 A = Elapsed time spent in this place.
 B = Non-inter-level travel time spent in this place.
 C = Inter-level travel time spent in this place.
 D = Time resting spent in this place.
 E = Time spent auto-exploring this place.
 F = Levels seen in this place.
 G = Mean time per level.
                   A        B        C        D        E       F      G
               +--------+--------+--------+--------+--------+-----+--------+
         Total |  17202 |  16297 |    905 |   2035 |  10045 |  17 | 1011.9 |
       Dungeon |  14081 |  13314 |    767 |    776 |   9923 |  12 | 1173.4 |
        Temple |    138 |      1 |    137 |      0 |      0 |   1 |  138.0 |
          Lair |    177 |    177 |      0 |     36 |      0 |   1 |  177.0 |
         Sewer |     82 |     82 |      0 |      0 |      8 |   1 |   82.0 |
      Ice Cave |   1995 |   1995 |      0 |   1144 |    113 |   1 | 1995.0 |
      Gauntlet |    725 |    725 |      0 |     79 |      0 |   1 |  725.0 |
               +--------+--------+--------+--------+--------+-----+--------+

Top non-repeatable levels by time:
   IceCv: 1995 daAuts
     D:9: 1655 daAuts
     D:4: 1484 daAuts
     D:2: 1326 daAuts
    D:11: 1261 daAuts
    D:10: 1239 daAuts
     D:7: 1195 daAuts
    D:12: 1169 daAuts
     D:5: 1117 daAuts
     D:3: 1075 daAuts
     D:8: 1004 daAuts
     D:6: 861 daAuts
Gauntlet: 725 daAuts
     D:1: 690 daAuts
  Lair:1: 177 daAuts

Levels and vault maps discovered:
D:1:      scummos_arrival_simple_crosswalls, layout_loops_ring
D:2:      cheibrodos_fertilizer, layout_loops_ring, uniq_natasha
D:3:      layout_basic, nicolae_ecumenical_lake_church, serial_shops,
          nicolae_square_shop
D:4:      layout_basic, minmay_temple_entry_fiery, serial_aquarium,
          aquarium_bridge_straight [aquarium_subvault_bridge,
          aquarium_subvault_balcony, aquarium_subvault_bridge,
          aquarium_subvault_window], aquarium_window_double, aquarium_window_2,
          aquarium_window_corner, aquarium_window_corner, aquarium_view_2c,
          portal_sewer_entry_d, minmay_misc_feat_four_crosses, uniq_edmund,
          uniq_eustachio
D:5:      layout_rooms, uniq_blork_the_orc, uniq_pikel
D:6:      layout_rooms, uniq_jeremiah, uniq_duvessa, uniq_grinder
D:7:      layout_cave_pods, jmf_multi_god_temple2,
          mainiacjoe_overflow_concentric_impassable, serial_shops,
          nicolae_shop_tiny_real_fake_doors, amethyst_killhole
D:8:      layout_gridville, uniq_prince_ribbit1
D:9:      lemuel_ice_statue, layout_loops_corners,
          lemuel_coloured_pillars_altar, okawaru_humans,
          erik_lair_orcish_takeover, gammafunk_ghost_hive, nrook_pool_corridor
D:10:     layout_basic, nicolae_ru_sacrificial_ziggurat, gammafunk_ghost_grave
D:11:     layout_small_grid, fungi_pond_lemuel
D:12:     layout_roguey, orc_0_dummy, portal_ice_cave_rime, uniq_kirke
Temple:   minmay_temple_bridge_d
Lair:1:   cheibrodos_lair_river_kwai, layout_small_grid, gauntlet_entry_generic,
          uniq_fannar
Gauntlet: gammafunk_gauntlet_branching [gammafunk_gauntlet_arena_mazey,
          gammafunk_gauntlet_arena_crates, nicolae_gauntlet_arena_t_cross,
          gammafunk_gauntlet_arena_corners, nicolae_gauntlet_arena_grate_2,
          gammafunk_gauntlet_arena_split_x, gammafunk_gauntlet_arena_spirals,
          gammafunk_gauntlet_arena_grid, dreamdust_gauntlet_exit_labyrinth]
